 Dungeon Crawl Stone Soup version 0.30.1-11-g7821555f0a (webtiles) character file.

Game seed: 9652456208991921323

4352 Graphine the Nimble (level 10, -9/118 HPs)
             Began as a Merfolk Transmuter on Nov 21, 2023.
             Was a Believer of Qazlal.
             Killed from afar by a gargoyle (16 damage)
             ... with a stone arrow
             ... on level 7 of the Dungeon.
             The game lasted 00:21:16 (5314 turns).

Graphine the Nimble (Merfolk Transmuter)            Turns: 5314, Time: 00:21:17

Health: -9/118     AC: 25    Str: 12    XL:     10   Next: 34%
Magic:  13/13      EV:  2    Int: 13    God:    Qazlal [**....]
Gold:   123        SH:  2    Dex: 20    Spells: 10/13 levels left

rFire   . . .        o - +9 short sword of Megalomania {flame, Drain rElec rPois Dex+3}
rCold   . . .        (no shield)
rNeg    . . .        z - melded +2 robe {rC+ rF+}
rPois   +            (helmet currently unavailable)
rElec   +            p - melded scarf {+Inv}
rCorr   +            (gloves currently unavailable)
SInv    .            K - melded +0 pair of boots
Will    .....        E - amulet of regeneration
Stlth   +            s - ring of wizardry
HPRegen 1.19/turn    j - ring of resist corrosion
MPRegen 0.13/turn

%: wizardry (x1)
@: tree-form
A: stationary, stasis, torment immunity, boosted hp, (nimble swimmer 2),
(mertail), (antennae 1)
a: Renounce Religion, Upheaval


You were on level 7 of the Dungeon.
You worshipped Qazlal.
Qazlal was pleased with you.
You were a tree.
You visited 1 branch of the dungeon, and saw 7 of its levels.

You collected 365 gold pieces.
You spent 242 gold pieces at shops.

Inventory:

Hand Weapons
 c - a +0 trident of venom
 k - a +2 short sword of venom
 o - the +9 short sword of Megalomania (weapon) {flame, Drain rElec rPois Dex+3}
   (You found it on level 4 of the Dungeon)

   Dex:       It affects your dexterity (+3).
   rElec:     It insulates you from electricity.
   rPois:     It protects you from poison.
   Drain:     It drains your maximum health when unequipped.
 G - a +0 rapier of electrocution
Missiles
 F - 2 throwing nets
Armour
 i - a scarf of repulsion
 p - a scarf of invisibility (melded)
 r - a +2 cloak of willpower
 z - a +2 robe of resistance (melded)
 K - a +0 pair of boots (melded)
Jewellery
 d - a ring of fire
 j - a ring of resist corrosion (right branch)
 s - a ring of wizardry (left branch)
 A - a ring of ice
 B - a ring of wizardry
 E - an amulet of regeneration (around neck)
Wands
 y - a wand of flame (21)
Scrolls
 a - a scroll of noise {unknown}
 e - 4 scrolls of poison
 f - a scroll of magic mapping
 h - 2 scrolls of enchant weapon
 m - 3 scrolls of vulnerability
 n - a scroll of amnesia {unknown}
 u - a scroll of fear {unknown}
 v - a scroll of summoning {unknown}
 x - 6 scrolls of teleportation {unknown}
 H - a scroll of brand weapon
 I - a scroll of blinking {unknown}
Potions
 g - 3 potions of mutation
 l - a potion of ambrosia
 q - a potion of resistance
 t - 2 potions of curing
 w - 4 potions of cancellation
 C - 2 potions of degeneration {unknown}
 D - a potion of brilliance {unknown}


   Skills:
 + Level 7.4 Fighting
 + Level 6.8 Short Blades
 - Level 4.0 Polearms
 + Level 9.3 Dodging
 + Level 8.1 Unarmed Combat
 - Level 2.0 Spellcasting
 - Level 2.6 Transmutations
 + Level 5.7 Evocations


You had 10 spell levels left.
You knew the following spells:

 Your Spells              Type           Power      Damage    Failure   Level
a - Beastly Appendage     Tmut           16%        N/A       3%          1
b - Wereblood             Tmut           8%         N/A       5%          2

Your spell library contained the following spells:

 Spells                   Type           Power      Damage    Failure   Level
 Blink                    Tloc           2%         N/A       16%         2
 Spider Form              Tmut/Pois      4%         N/A       17%         3
 Ice Form                 Ice/Tmut       4%         N/A       47%         4
 Animate Dead             Necr           1%         N/A       65%         4
 Manifold Assault         Tloc           1%         N/A       65%         4
 Olgreb's Toxic Radiance  Pois           1%         N/A       65%         4
 Borgnjor's Vile Clutch   Necr/Erth      0%         N/A       93%         5
 Death Channel            Necr           0%         N/A       100%        6
 Storm Form               Tmut/Air       2%         N/A       100%        7
 Discord                  Hex            0%         N/A       100%        8
 Ignition                 Fire           0%         3d3       100%        8


Dungeon Overview and Level Annotations

Branches:
Dungeon (7/15)             Temple (0/1) D:7

Altars:
Ashenzari
Dithmenos
Kikubaaqudgha
Makhleb
Qazlal
Trog
Uskayaw

Shops:
D:3 ?   D:5 [   D:7 **

Portals:
Abyss: D:3

Annotations:
D:3 2 transporters, otna's ghost, amateur DENe


Innate Abilities, Weirdness & Mutations

You are a tree.
Your roots penetrate the ground, keeping you stationary.
You cannot be teleported.
You are immune to unholy pain and torment.
Your maximum health is greatly increased.
Your equipment is partially melded.
((You are very nimble when in or above water. (Stealth+, EV+, Speed+++)))
((Your lower body shifts to a powerful aquatic tail in water.))
((You have a pair of small antennae on your head.))


Message History

You hit the gargoyle but do no damage. Your punch misses the gargoyle.
The gargoyle is severely damaged.
You hit the gargoyle but do no damage.
The gargoyle is severely damaged.
The gargoyle hits you with a +0 flail!
* * * LOW HITPOINT WARNING * * *
You hit the gargoyle but do no damage.
You punch the gargoyle, but do no damage.
The gargoyle is severely damaged.
The gargoyle hurls a stone arrow at you.
The stone arrow hits you but does no damage.
You hit the gargoyle but do no damage.
The gargoyle is severely damaged.
The gargoyle hits you but does no damage.
You completely miss the gargoyle.
The gargoyle is severely damaged.
You hit the gargoyle but do no damage.
The gargoyle is severely damaged.
The gargoyle hits you but does no damage.
You hit the gargoyle but do no damage.
The gargoyle is severely damaged.
The gargoyle hurls a stone arrow at you.
The stone arrow hits you!
* * * LOW HITPOINT WARNING * * *
You feel much better.
The gargoyle hurls a stone arrow at you.
The stone arrow hits you!
* * * LOW HITPOINT WARNING * * *
Okay, then.
You hit the gargoyle but do no damage.
The gargoyle is severely damaged.
You barely miss the gargoyle.
The gargoyle is severely damaged.
You block the gargoyle's attack.
You hit the gargoyle but do no damage.
You punch the gargoyle, but do no damage.
The gargoyle is severely damaged.
The gargoyle hurls a stone arrow at you.
The stone arrow hits you!
You die...

..# #...##...##...##.# #.# .##
##.###8...8###.##.# #.###### .
#..#{##...##8#..#.# #....... .
#.###+.....'###...# #.#####.
####.#{#.......# #.#####.# #.
#>)..# +.......+##.......#####.
#.##.##....8..).##.#####.#.....
#)##.##+.......'##.# #.#.####
#.##.#{#......♣#.#.# #.#.# #
#.##.###+.....9###.# #...# #
#.##..# ##+.+##)#..# #.### #
#)###.### ## ###.## #.######
#.# #...#######...# #.......
#.# ###.........##### #.######
#.# #####.........# #.# # #.#
#.#######.# #.# ### #)# #.# #.#
#.####..


You could see a gargoyle.

Vanquished Creatures
  Pikel (D:5)
  A gargoyle (D:7)
  Maggie (D:7)
  2 wyverns
  Eustachio (D:6)
  A steam dragon (D:5)
  Duvessa (D:5)
  2 sky beasts (D:6)
  4 ice beasts
  2 ogres
  4 black bears
  A lemure (D:5)
  3 phantoms
  A kobold brigand (D:4)
  3 bullfrogs
  A scorpion (D:5)
  Dowan (D:5)
  4 killer bees (D:7)
  3 howler monkeys (D:7)
  4 hounds
  5 orc priests
  A gnoll bouda (D:5)
  A sleepcap (D:6)
  An iguana (D:5)
  Ijyb (D:5)
  3 orc wizards
  5 gnolls
  6 adders
  3 shadow imps (D:7)
  A worm (D:2)
  2 dart slugs
  15 orcs
  7 bats
  8 endoplasms
  3 giant cockroaches
  9 goblins
  13 hobgoblins
  7 jackals (D:3)
  2 quokkas
  6 ball pythons
  3 frilled lizards
  8 kobolds
  7 rats
  2 butterflies (D:7)
160 creatures vanquished.

Notes
Turn   | Place    | Note
-------+----------+-------------------------------------------
     0 | D:1      | Graphine the Merfolk Transmuter began the quest for the
                  | Orb.
     0 | D:1      | Reached XP level 1. HP: 15/15 MP: 3/3
   145 | D:1      | Reached skill level 3 in Dodging
   145 | D:1      | Reached XP level 2. HP: 21/21 MP: 5/5
   190 | D:1      | Reached skill level 1 in Polearms
   492 | D:1      | Reached XP level 3. HP: 25/27 MP: 6/6
   515 | D:1      | Learned a level 2 spell: Wereblood
  1008 | D:2      | Reached XP level 4. HP: 29/33 MP: 5/7
  1377 | D:3      | <>
                  | ERROR: string above had unterminated tag
  1409 | D:3      | Found a bloodstained altar of Trog.
  1484 | D:3      | Noticed a small abomination
  1509 | D:3      | Noticed a kobold brigand
  1519 | D:3      | Noticed an ancient zyme
  1560 | D:3      | Found a transporter.
  1575 | D:3      | Found a transporter.
  1708 | D:3      | Found Gerchax's Magic Scroll Emporium.
  1714 | D:3      | Bought a scroll of identify for 26 gold pieces
  1714 | D:3      | Bought 3 scrolls of identify for 78 gold pieces
  1714 | D:3      | Bought a scroll of identify for 26 gold pieces
  1826 | D:3      | Reached skill level 4 in Dodging
  1826 | D:3      | Reached XP level 5. HP: 37/39 MP: 4/8
  1928 | D:3      | Found a one-way gate to the infinite horrors of the Abyss.
  1928 | D:3      | Noticed otna's ghost (amateur DENe)
  2026 | D:4      | Found a shadowy altar of Dithmenos.
  2113 | D:4      | Noticed a kobold brigand
  2119 | D:4      | Noticed an ogre
  2126 | D:4      | Killed a kobold brigand
  2129 | D:4      | Killed an ogre
  2130 | D:4      | Reached XP level 6. HP: 28/47 MP: 9/9
  2282 | D:4      | Found a stormy altar of Qazlal.
  2304 | D:4      | Became a worshipper of Qazlal Stormbringer
  2345 | D:4      | Reached skill level 5 in Dodging
  2464 | D:4      | Identified the +9 short sword of Megalomania {flame, Drain
                  | rElec rPois Dex+3}
  2470 | D:4      | Found a broken altar of Ashenzari.
  2699 | D:5      | Entered Level 5 of the Dungeon
  2699 | D:5      | Found Hoamigh's Armour Boutique.
  2722 | D:5      | Reached skill level 5 in Unarmed Combat
  2740 | D:5      | Noticed Duvessa
  2742 | D:5      | Noticed Ijyb
  2742 | D:5      | Noticed a wyvern
  2748 | D:5      | Noticed Dowan
  2749 | D:5      | Killed a wyvern
  2750 | D:5      | Reached skill level 1 in Short Blades
  2750 | D:5      | Reached skill level 1 in Evocations
  2750 | D:5      | Reached XP level 7. HP: 53/53 MP: 6/10
  2758 | D:5      | Killed Duvessa
  2766 | D:5      | Killed Ijyb
  2769 | D:5      | Killed Dowan
  2949 | D:5      | Reached skill level 6 in Dodging
  2958 | D:5      | Reached XP level 8. HP: 38/61 MP: 8/11
  2964 | D:5      | Reached * piety under Qazlal
  3080 | D:5      | Identified the +0 robe "Anesuu" {Harm}
  3285 | D:5      | Noticed Pikel
  3301 | D:5      | Killed Pikel
  3302 | D:5      | Reached skill level 5 in Fighting
  3302 | D:5      | Reached skill level 7 in Dodging
  3401 | D:5      | Reached XP level 9. HP: 59/69 MP: 8/12
  3894 | D:6      | Found a hide-covered altar of Uskayaw.
  3923 | D:6      | Reached skill level 5 in Short Blades
  4142 | D:6      | Reached skill level 8 in Dodging
  4355 | D:6      | Noticed Eustachio
  4361 | D:6      | Killed Eustachio
  4438 | D:6      | Found a burning altar of Makhleb.
  4708 | D:6      | Reached skill level 5 in Evocations
  4784 | D:7      | Found a staircase to the Ecumenical Temple.
  4800 | D:7      | Reached ** piety under Qazlal
  4803 | D:7      | Reached XP level 10. HP: 53/77 MP: 10/13
  4880 | D:7      | Found Udghimo's Specific Store.
  4883 | D:7      | Found Seysinn's General Store.
  4891 | D:7      | Bought a scroll of enchant armour for 112 gold pieces
  4980 | D:7      | Found an ancient bone altar of Kikubaaqudgha.
  4987 | D:7      | Reached skill level 9 in Dodging
  5161 | D:7      | Noticed Maggie
  5175 | D:7      | Killed Maggie
  5191 | D:7      | Gained mutation: You have a pair of small antennae on your
                  | head. [potion of mutation]
  5266 | D:7      | Noticed a gargoyle
  5277 | D:7      | Killed a gargoyle
  5288 | D:7      | Noticed a gargoyle
  5310 | D:7      | HP: 1/118 [gargoyle/stone arrow (13)]
  5314 | D:7      | Killed from afar by a gargoyle

Illustrated notes

..####..#
........#
#.......#
#.......#
###.......#
.........#
#.......#
#.@.....#
#.......#
#.......#
..#.......
.## .......
## ...>...
.......
.......


Turn 1377 on D:3: <

Levels and vault maps discovered:
D:1:      dpeg_arrival_snail, layout_basic, grunt_decor_junction
D:2:      layout_basic, st_stairs_1
D:3:      layout_rooms, lemuel_tele_altar, serial_shops, nicolae_shop_crystal,
          gammafunk_ghost_abyssal_escape
D:4:      layout_rooms, nicolae_overflow_crystal_walls,
          mainiacjoe_overflow_alcove_2, mainiacjoe_overflow_six_doors_small,
          minmay_misc_feat_room
D:5:      black_bear_nest_2, layout_loops_cross, serial_shops, shop,
          chequers_big_river, uniq_pikel, uniq_ijyb, uniq_duvessa
D:6:      kennysheep_six_static_rooms, layout_loops_ring,
          overflow_temple_1_default, lemuel_round_altar,
          amcnicky_mini_corridor_feature, uniq_eustachio
D:7:      cheibrodos_statue_roulette, layout_loops_ring,
          mainiacjoe_overflow_chevrons, kiku_gazebo_garden_becter,
          minmay_temple_entry_butterflies, nicolae_specific_store, uniq_maggie

Skill      XL: |  1  2  3  4  5  6  7  8  9 10 |
---------------+-------------------------------+-----
Dodging        | 3 4 5 6 7 8 9 |  9.3
Polearms       | 1 2 3 4 |  4.0
Fighting       | 2 3 4 5 6 7 |  7.4
Unarmed Combat | 4 5 6 7 8 |  8.1
Short Blades   | 1 2 4 6 |  6.8
Evocations     | 1 2 3 5 |  5.7
Spellcasting   | |  2.0
Transmutations | |  2.6

Action                     |  1- 3 |  4- 6 |  7- 9 | 10-12 || total
---------------------------+-------+-------+-------+-------++-------
  Melee: Trident           |   109 |   108 |       |       ||   217
         Unarmed           |     4 |       |       |       ||     4
         Headbutt          |     6 |    15 |    33 |     3 ||    57
         Punch             |     1 |     3 |     4 |     8 ||    16
         Short sword       |       |    29 |   178 |    76 ||   283
         Tailslap          |       |     2 |     5 |       ||     7
   Cast: Beastly Appendage |    13 |    19 |    18 |     2 ||    52
         Wereblood         |       |     7 |     7 |     3 ||    17
  Evoke: Wand              |       |       |     1 |     1 ||     2
    Use: Scroll            |       |    11 |     1 |     1 ||    13
         Potion            |       |     1 |       |     3 ||     4
 Armour: Robe              |    23 |    25 |    17 |     1 ||    66
         Skin              |       |       |       |     5 ||     5
  Dodge: Dodged            |    71 |    82 |    95 |    33 ||   281
  Block: Other             |       |       |     4 |     2 ||     6
